[Event "Early-Titled-Tuesday-Blitz-April-16-2024"]
[Site "Chess.com"]
[Date "2024.04.16"]
[Round "3"]
[White "Kushch_Nikolai"]
[Black "Bwert2602"]
[Result "1-0"]
[WhiteElo "2378"]
[BlackElo "2153"]
[TimeControl "180+1"]
[EndTime "8:25:41 PDT"]
[Termination "Kushch_Nikolai won by resignation"]

1. Nf3 b6 2. g3 c5 3. Bg2 Bb7 4. O-O g6 5. c4 Bg7 6. Nc3 Nf6 7. e3 Ne4 8. Nxe4 Bxe4 9. d3 Bc6 10. Qc2 O-O 11. a3 d5 12. cxd5 Bxd5 13. Rb1 Nc6 14. Bd2 Rc8 15. Rfd1 Ne5 16. e4 Nxf3+ 17. Bxf3 Bb7 18.
Be3 f5 19. Bg2 Kh8 20. Qe2 e5 21. b4 f4 22. gxf4 exf4 23. Bc1 Qh4 24. bxc5 Rxc5 25. Bf3 Rg5+ 26. Kh1 Bd4 27. Bb2 Rd8 28. Bxd4+ Rxd4 29. Qb2 1-0

[Event "Early-Titled-Tuesday-Blitz-April-16-2024"]
[Site "Chess.com"]
[Date "2024.04.16"]
[Round "3"]
[White "David_Arutinian"]
[Black "Lion-Al-Messi"]
[Result "1-0"]
[WhiteElo "2823"]
[BlackElo "2579"]
[TimeControl "180+1"]
[EndTime "8:25:58 PDT"]
[Termination "David_Arutinian won by resignation"]

1. Nf3 Nf6 2. c4 b6 3. g3 Bb7 4. Bg2 c5 5. O-O g6 6. Nc3 Bg7 7. d4 cxd4 8. Qxd4 Nc6 9. Qd2 O-O 10. Rd1 Na5 11. b3 Ne4 12. Nxe4 Bxa1 13. Nc3 d6 14.
Ba3 Bxc3 15. Qxc3 Rc8 16. Bb2 f6 17. Qe3 Qd7 18. h4 e5 19. Kh2 Rcd8 20. Bh3 Qe7 21.
h5 Bc8 22. Bxc8 Rxc8 23. Nh4 Kg7 24. Bc1 Kf7 25. Qh6 g5 26. Nf5 Qe6 27. Qxh7+ Ke8 28. Ng7+ 1-0

[Event "Early-Titled-Tuesday-Blitz-April-16-2024"]
[Site "Chess.com"]
[Date "2024.04.16"]
[Round "3"]
[White "juancruzarias"]
[Black "DarZay"]
[Result "0-1"]
[WhiteElo "2596"]
[BlackElo "2333"]
[TimeControl "180+1"]
[EndTime "8:26:00 PDT"]
[Termination "DarZay won by resignation"]

1. d4 d5 2. c4 e6 3. g3 Nf6 4.
Bg2 Be7 5. Nf3 O-O 6. O-O dxc4 7. Qc2 a6 8. a4 Bd7 9. Qxc4 b5 10. Qc2 Bc6 11. b3 Be4 12. Qa2 c5 13. dxc5 Bxc5 14. Nc3 Bc6 15. Bg5 h6 16. Bf4 b4 17. Nd1 Ne4 18.
Rc1 Nd7 19. e3 Qe7 20. Nd4 Bb7 21. Bc7 Rfc8 22. Ba5 Ne5 23. Qb1 Nd2 0-1

[Event "Early-Titled-Tuesday-Blitz-April-16-2024"]
[Site "Chess.com"]
[Date "2024.04.16"]
[Round "3"]
[White "HamedWafa4"]
[Black "nickmatta"]
[Result "0-1"]
[WhiteElo "2790"]
[BlackElo "2547"]
[TimeControl "180+1"]
[EndTime "8:26:04 PDT"]
[Termination "nickmatta won by resignation"]

1. d4 d5 2. Nf3 Nf6 3. c3 Nbd7 4. Bf4 c5 5. e3 e6 6. Nbd2 Be7 7. Bd3 Nh5 8. Bg3 Qb6 9. Rb1 Nxg3 10. hxg3 h6 11. g4 Qa5 12. a3 b6 13. Qe2 Bb7 14. g5 h5 15. g6 f5 16. Ne5 Nxe5 17. dxe5 O-O-O 18. Rxh5 Rxh5 19. Qxh5 d4 20. exd4 cxd4 21. c4 Qxe5+ 22.
Kf1 Qf4 23. Qe2 e5 24. g3 Rh8 25. Ke1 Rh1+ 26. Nf1 Qf3 27. Qxf3 Bxf3 28. Bxf5+ Kc7 29. Kd2 e4 30. Kc1 Rxf1+ 31. Kc2 d3+ 0-1

[Event "Early-Titled-Tuesday-Blitz-April-16-2024"]
[Site "Chess.com"]
[Date "2024.04.16"]
[Round "3"]
[White "Silvederione"]
[Black "Aradhya2000"]
[Result "0-1"]
[WhiteElo "2523"]
[BlackElo "2761"]
[TimeControl "180+1"]
[EndTime "8:26:17 PDT"]
[Termination "Aradhya2000 won by resignation"]

1. d4 d5 2. Nc3 Nf6 3. Bf4 c5 4. e3 Bg4 5. f3 Bd7 6. Nb5 Bxb5 7.
Bxb5+ Nc6 8. c3 e6 9. Ne2 Rc8 10. O-O Bd6 11. Be5 O-O 12. f4 Ng4 13. Rf3 Bxe5 14.
fxe5 Qh4 15. Bd3 Qxh2+ 16. Kf1 Qh1+ 17. Ng1 Nh2+ 18. Kf2 Nxf3 19. Qxf3 f6 20. Nh3 Qxa1 21. Qh5 fxe5+ 22. Kg3 e4 23. Ng5 h6 24. Qg6 hxg5 25. Qxe6+ Kh7 26. Qh3+ Kg6 27. Qe6+ Rf6 28. Qxc8 Qe1+ 29.
Kh2 exd3 30. Qe8+ Kh7 31. dxc5 Rh6+ 0-1

[Event "Early-Titled-Tuesday-Blitz-April-16-2024"]
[Site "Chess.com"]
[Date "2024.04.16"]
[Round "3"]
[White "LubovMarkelova"]
[Black "soumeow"]
[Result "0-1"]
[WhiteElo "2151"]
[BlackElo "2384"]
[TimeControl "180+1"]
[EndTime "8:26:23 PDT"]
[Termination "soumeow won on time"]

1. e4 g6 2. d4 Bg7 3. Nc3 d6 4. f3 a6 5. Be3 b5 6. Qd2 Bb7 7.
O-O-O Nd7 8. h4 h6 9. Nh3 e6 10. g4 Ne7 11. Bd3 Rc8 12. Nf4 c5 13. dxc5 Nxc5 14. Nfe2 b4 15. Nb1 Qa5 16. Bc4 Nxe4 17.
fxe4 Rxc4 18. Qxd6 Qc7 19. Qxc7 Rxc7 20. Nd2 O-O 21. Ng3 Rfc8 0-1

[Event "Early-Titled-Tuesday-Blitz-April-16-2024"]
[Site "Chess.com"]
[Date "2024.04.16"]
[Round "3"]
[White "TenisMaster"]
[Black "dmosesov"]
[Result "1-0"]
[WhiteElo "2922"]
[BlackElo "2619"]
[TimeControl "180+1"]
[EndTime "8:26:25 PDT"]
[Termination "TenisMaster won by resignation"]

1. e4 Nf6 2. e5 Nd5 3. d4 d6 4. Nf3 g6 5. Bc4 Nb6 6. Bb3 Bg7 7. Qe2 O-O 8. h3 a5 9. a4 Nc6 10. Nbd2 dxe5 11. dxe5 Nd5 12. O-O Be6 13. Ne4 Ndb4 14.
Bxe6 fxe6 15. Rd1 Qc8 16. Ng3 Nd5 17. h4 b6 18. h5 Rxf3 19. Qxf3 Nxe5 20. Qe4 Kh8 21.
c4 Nb4 22. Bf4 Nd7 23. Rxd7 1-0

[Event "Early-Titled-Tuesday-Blitz-April-16-2024"]
[Site "Chess.com"]
[Date "2024.04.16"]
[Round "3"]
[White "bescmelasti"]
[Black "Matols"]
[Result "1-0"]
[WhiteElo "2645"]
[BlackElo "2360"]
[TimeControl "180+1"]
[EndTime "8:26:25 PDT"]
[Termination "bescmelasti won by resignation"]

1. c4 e6 2. Nc3 d5 3. e3 Nf6 4.
Nf3 Be7 5. b3 O-O 6. Bb2 c5 7.
cxd5 Nxd5 8. Nxd5 Qxd5 9. Bc4 Qh5 10. g4 Qh3 11. Rg1 Nc6 12. Rg3 Qh6 13. h4 Bxh4 14.
Nxh4 Qxh4 15. Qf3 e5 16. O-O-O Be6 17. Rh1 Qg5 18. Bd3 Nb4 19. Bxh7+ Kh8 20. Bb1+ Kg8 21. Rh5 Qf6 22. Rgh3 1-0

[Event "Early-Titled-Tuesday-Blitz-April-16-2024"]
[Site "Chess.com"]
[Date "2024.04.16"]
[Round "3"]
[White "Ginzburg_Yakov"]
[Black "Beca95"]
[Result "0-1"]
[WhiteElo "2536"]
[BlackElo "2873"]
[TimeControl "180+1"]
[EndTime "8:26:27 PDT"]
[Termination "Beca95 won by resignation"]

1. d4 d5 2. c4 e6 3. Nf3 Nf6 4. g3 Be7 5. Bg2 O-O 6. O-O dxc4 7. Qc2 b6 8. Ne5 Qxd4 9. Nxf7 Nd5 10. Rd1 Qf6 11.
Ng5 Qxf2+ 12. Kh1 Bxg5 13. Bxg5 Bb7 14. Nc3 Qxg2+ 15. Kxg2 Ne3+ 16. Kg1 Nxc2 17. Rac1 Nb4 18. Nb5 N8a6 19. Be7 Rf7 20. Nxc7 Nxc7 21. Bxb4 b5 22. Rd6 a6 23. Rcd1 h6 24. Rd7 Nd5 25. Rxf7 Kxf7 26.
Ba5 Bc6 27. Kf2 Ra7 28. Rd4 Rd7 29. h4 Nf6 30. Rf4 e5 31. Rf5 Ke6 32. g4 Nxg4+ 0-1

[Event "Early-Titled-Tuesday-Blitz-April-16-2024"]
[Site "Chess.com"]
[Date "2024.04.16"]
[Round "3"]
[White "SilverSwords13"]
[Black "Ginger_GM"]
[Result "0-1"]
[WhiteElo "2484"]
[BlackElo "2653"]
[TimeControl "180+1"]
[EndTime "8:26:27 PDT"]
[Termination "Ginger_GM won by checkmate"]

1. e4 d6 2. d4 Nf6 3. Nc3 Nbd7 4.
Be3 e5 5. Nf3 c6 6. a4 Be7 7. h3 h6 8. Bc4 Qc7 9. O-O g5 10. Re1 Rg8 11. d5 Nf8 12. dxc6 bxc6 13. a5 g4 14. hxg4 Bxg4 15. Be2 Ng6 16. Kf1 Nh5 17. Nd2 Bxe2+ 18. Nxe2 Qd7 19. f3 Bh4 20. Bf2 Ngf4 21. Nxf4 Nxf4 22. Bxh4 Rxg2 23. Bf2 Qh3 24. Re3 Rg1+ 25. Kxg1 Qg2# 0-1

[Event "Early-Titled-Tuesday-Blitz-April-16-2024"]
[Site "Chess.com"]
[Date "2024.04.16"]
[Round "3"]
[White "Mops_2004"]
[Black "maurovargas01"]
[Result "1-0"]
[WhiteElo "2789"]
[BlackElo "1903"]
[TimeControl "180+1"]
[EndTime "8:26:29 PDT"]
[Termination "Mops_2004 won by resignation"]

1. g3 e5 2. c4 Nc6 3. Bg2 f5 4. Nc3 Nf6 5. e3 g6 6. Nge2 Bg7 7. d4 e4 8. f3 exf3 9. Bxf3 O-O 10. O-O d6 11.
Nf4 Re8 12. Qc2 Nb4 13. Qg2 c6 14. a3 Nd3 15. Nxd3 Be6 16. b3 Bf7 17. Bd2 g5 18. h4 gxh4 19. gxh4 Kh8 20. Kh1 Rg8 21. Qh3 Bg6 22.
Nf4 Ne4 23. Bxe4 fxe4 24. Nxg6+ hxg6 25. Nxe4 c5 26. Ng5 cxd4 27. Nf7+ 1-0

[Event "Early-Titled-Tuesday-Blitz-April-16-2024"]
[Site "Chess.com"]
[Date "2024.04.16"]
[Round "3"]
[White "tsaruk_maks"]
[Black "MrVenky"]
[Result "1-0"]
[WhiteElo "2721"]
[BlackElo "2515"]
[TimeControl "180+1"]
[EndTime "8:26:32 PDT"]
[Termination "tsaruk_maks won by resignation"]

1. Nf3 Nf6 2. d4 g6 3. c4 Bg7 4. Nc3 O-O 5. Bg5 d6 6. h4 Nh5 7.
Qd2 Nc6 8. O-O-O a6 9. d5 Na5 10. e4 c5 11. Bh6 b5 12. Bxg7 Kxg7 13. cxb5 axb5 14. Bxb5 Ba6 15. Bxa6 Rxa6 16. g4 Nf6 17. h5 Rh8 18. h6+ Kf8 19. e5 Nxg4 20. Qf4 Nxe5 21. Nxe5 dxe5 22. Qxe5 f6 23. Qe2 Rd6 24. Rhe1 Qd7 25.
Ne4 Rb6 26. d6 Kf7 27. dxe7 Qf5 28. Nd6+ 1-0

[Event "Early-Titled-Tuesday-Blitz-April-16-2024"]
[Site "Chess.com"]
[Date "2024.04.16"]
[Round "3"]
[White "rhwr"]
[Black "Mackster23"]
[Result "0-1"]
[WhiteElo "2269"]
[BlackElo "2564"]
[TimeControl "180+1"]
[EndTime "8:26:33 PDT"]
[Termination "Mackster23 won by resignation"]

1. e4 c6 2. d4 d5 3. Nc3 a6 4. e5 Bf5 5. Bd3 Bxd3 6. Qxd3 e6 7. Nce2 c5 8. c3 Nc6 9. f4 h5 10. Nf3 Nh6 11. O-O Nf5 12. Ng3 Nxg3 13. hxg3 g6 14. Be3 Qb6 15. Nh4 cxd4 16. cxd4 Be7 17. a3 Bxh4 18. gxh4 O-O 19. b4 Ne7 20.
Bf2 Nf5 21. Rfc1 Rfc8 22. Rc5 Rc6 23. Rac1 Rac8 24. Rxc6 Rxc6 25. Rc5 Rxc5 26. bxc5 Qb2 27. Kh2 Qxf2 0-1

[Event "Early-Titled-Tuesday-Blitz-April-16-2024"]
[Site "Chess.com"]
[Date "2024.04.16"]
[Round "3"]
[White "bylavochka"]
[Black "IshviAggarwal"]
[Result "1-0"]
[WhiteElo "2365"]
[BlackElo "2132"]
[TimeControl "180+1"]
[EndTime "8:26:33 PDT"]
[Termination "bylavochka won by resignation"]

1. e4 e5 2. Nc3 Nc6 3. g3 Nf6 4. Bg2 Bb4 5. Nge2 O-O 6. O-O Nd4 7. d3 c6 8. Nxd4 exd4 9. Ne2 c5 10. c3 dxc3 11. bxc3 Ba5 12. e5 Ng4 13. d4 cxd4 14. cxd4 d5 15. h3 Nh6 16. Bxh6 gxh6 17. Nf4 Be6 18.
Nxe6 fxe6 19. Qg4+ Kh8 20. Qxe6 Bc3 21. Rab1 Bxd4 22.
Rxb7 Qg5 23. Qxd5 Qxe5 24. Qb3 Rac8 25. Qd3 Rc7 26. Rxc7 Qxc7 27. Qxd4+ 1-0

[Event "Early-Titled-Tuesday-Blitz-April-16-2024"]
[Site "Chess.com"]
[Date "2024.04.16"]
[Round "3"]
[White "BilodeauA"]
[Black "ulises2013"]
[Result "1-0"]
[WhiteElo "2980"]
[BlackElo "2705"]
[TimeControl "180+1"]
[EndTime "8:26:35 PDT"]
[Termination "BilodeauA won by resignation"]

1. e4 g6 2. f4 Bg7 3. Nf3 c5 4. Nc3 Nc6 5. d3 d6 6. g3 e5 7. Bg2 Nge7 8. O-O O-O 9. h3 f5 10. fxe5 Nxe5 11. Bf4 N7c6 12. Nxe5 dxe5 13. Be3 Nd4 14.
Qd2 Rb8 15. Nd5 Be6 16. c3 Nc6 17. Bxc5 Rf7 18. Rae1 Rc8 19. Be3 Qa5 20. b4 Qa3 21. Kh2 Ne7 22. Nxe7+ Rxe7 23. exf5 gxf5 24. Bh6 Qxc3 25.
Qg5 Rf7 26. Rc1 Qd4 27. Rxc8+ Bxc8 28. Rc1 Be6 29. Rc5 Bxa2 30. Rc8+ 1-0

[Event "Early-Titled-Tuesday-Blitz-April-16-2024"]
[Site "Chess.com"]
[Date "2024.04.16"]
[Round "3"]
[White "Veleamater"]
[Black "LikeWater"]
[Result "1-0"]
[WhiteElo "2405"]
[BlackElo "2584"]
[TimeControl "180+1"]
[EndTime "8:26:35 PDT"]
[Termination "Veleamater won by resignation"]

1. g3 g6 2. Bg2 Bg7 3. d3 d5 4.
Nf3 Nf6 5. O-O O-O 6. h3 a5 7.
Nc3 a4 8. a3 c6 9. e4 e6 10. Nd2 b5 11. f4 Nfd7 12. e5 Qb6+ 13. Kh2 f6 14. exf6 Bxf6 15. Nf3 c5 16. Re1 Re8 17. g4 Bb7 18. Ne2 e5 19. f5 gxf5 20. gxf5 Bg7 21. Ng3 Qf6 22. Rg1 Nc6 23. Ng5 Nd4 24. Qh5 h6 25. Ne6 Nxe6 26. fxe6 Rxe6 27. Nf5 Kh7 28. Be4 dxe4 29. Rxg7+ Qxg7 30. Nxg7 Kxg7 31. Bxh6+ 1-0

[Event "Early-Titled-Tuesday-Blitz-April-16-2024"]
[Site "Chess.com"]
[Date "2024.04.16"]
[Round "3"]
[White "stolencandy13"]
[Black "superchess02"]
[Result "0-1"]
[WhiteElo "2558"]
[BlackElo "2883"]
[TimeControl "180+1"]
[EndTime "8:26:42 PDT"]
[Termination "superchess02 won by checkmate"]

1. d4 Nf6 2. Bf4 d5 3. e3 e6 4. Bd3 c5 5. c3 Nc6 6. Nd2 Bd6 7. Bxd6 Qxd6 8. f4 cxd4 9. cxd4 Bd7 10. Ngf3 Nb4 11.
Be2 Rc8 12. Rc1 Rxc1 13. Qxc1 Nxa2 14. Qb1 Nb4 15. Ne5 O-O 16. O-O Rc8 17. f5 exf5 18.
Nxd7 Qxd7 19. Rxf5 Rc2 20. Rxf6 Rxd2 21. Rf2 Qe6 22.
Qf1 Qxe3 23. g3 Nc2 24. Kg2 Nxd4 25. Rxf7 Qxe2+ 26. Kh3 Qh5# 0-1

[Event "Early-Titled-Tuesday-Blitz-April-16-2024"]
[Site "Chess.com"]
[Date "2024.04.16"]
[Round "3"]
[White "levallem"]
[Black "Orest_Vovk"]
[Result "0-1"]
[WhiteElo "2336"]
[BlackElo "2579"]
[TimeControl "180+1"]
[EndTime "8:26:47 PDT"]
[Termination "Orest_Vovk won by resignation"]

1. d4 Nc6 2. d5 Ne5 3. Bf4 Ng6 4.
Bg3 e5 5. c4 Bc5 6. Nc3 d6 7.
e3 Nf6 8. Bd3 O-O 9. Nge2 Bd7 10. O-O a6 11. a3 Qe7 12. b4 Ba7 13. Qc2 Nh5 14. Bf5 Bxf5 15. Qxf5 Nxg3 16. Nxg3 Qh4 17.
Nge4 Ne7 18. Qh3 Qxh3 19. gxh3 h6 20. Rfd1 f5 21. Ng3 f4 22. exf4 Rxf4 23. Nge4 Raf8 24. Ra2 Nf5 25. c5 Nd4 26. cxd6 cxd6 27. Nxd6 Nf3+ 28. Kh1 Ng5 29. Nxb7 Rxf2 30. Rxf2 Rxf2 31.
d6 Nf3 0-1

[Event "Early-Titled-Tuesday-Blitz-April-16-2024"]
[Site "Chess.com"]
[Date "2024.04.16"]
[Round "3"]
[White "martinmena"]
[Black "DanyKopy"]
[Result "1-0"]
[WhiteElo "2167"]
[BlackElo "2531"]
[TimeControl "180+1"]
[EndTime "8:26:48 PDT"]
[Termination "martinmena won by resignation"]

1. c4 e6 2. g3 d5 3. Bg2 Nf6 4. Nf3 c5 5. O-O Nc6 6. cxd5 exd5 7. d4 Bg4 8. Bg5 Bxf3 9. Bxf3 Nxd4 10. Bg2 Be7 11. Nc3 O-O 12. Bxf6 Bxf6 13. e3 Nc6 14.
Nxd5 Rc8 15. Nxf6+ Qxf6 16. Qb3 b6 17. Rad1 Ne5 18.
e4 c4 19. Qc3 b5 20. Rd5 Rfd8 21. Qxe5 Rxd5 22. Qxf6 gxf6 23. exd5 Kf8 24. Re1 b4 25. d6 c3 26. d7 Rd8 27. bxc3 bxc3 28. Bc6 1-0

[Event "Early-Titled-Tuesday-Blitz-April-16-2024"]
[Site "Chess.com"]
[Date "2024.04.16"]
[Round "3"]
[White "ViktoriyaTarasova"]
[Black "ExtremeLearner"]
[Result "1-0"]
[WhiteElo "2355"]
[BlackElo "2516"]
[TimeControl "180+1"]
[EndTime "8:26:52 PDT"]
[Termination "ViktoriyaTarasova won by resignation"]

1. d4 Nf6 2. c4 c5 3. d5 b5 4.
cxb5 a6 5. bxa6 g6 6. Nc3 Bg7 7. e4 O-O 8. Nf3 Qa5 9. Bd2 Bxa6 10. a4 Bxf1 11. Kxf1 Qa6+ 12. Kg1 d6 13. Qc2 Nbd7 14. Nb5 Qb7 15. Bc3 Rfb8 16. h3 Nb6 17. b3 c4 18.
bxc4 Nxc4 19. Kh2 Rc8 20. Rhb1 Qa6 21. Nfd4 Kf8 22. Nc6 Nb6 23. a5 Nbd7 24. Rb2 Nc5 25. f3 e5 26. Nxd6 Rxc6 27. dxc6 Nh5 28. Rb6 Qa7 29. Bb4 1-0

[Event "Early-Titled-Tuesday-Blitz-April-16-2024"]
[Site "Chess.com"]
[Date "2024.04.16"]
[Round "3"]
[White "IndianSchoolOfSuffering"]
[Black "djano"]
[Result "0-1"]
[WhiteElo "2407"]
[BlackElo "2602"]
[TimeControl "180+1"]
[EndTime "8:26:53 PDT"]
[Termination "djano won by resignation"]

1. e4 c5 2. Nf3 a6 3. c3 d5 4. exd5 Qxd5 5. d4 g6 6. Be2 Bg7 7. dxc5 Qxc5 8. Be3 Qc7 9. O-O Nf6 10. h3 O-O 11.
Nbd2 Rd8 12. Qc1 Nc6 13. Nc4 Nd5 14. Bh6 b5 15. Bxg7 Kxg7 16. Ne3 Nf4 17. Re1 Bb7 18.
Bf1 e5 19. a4 Na5 20. Nd2 Qc6 21. axb5 axb5 22. b4 Nc4 23. Ndxc4 bxc4 24. Rxa8 Bxa8 25.
b5 Qxb5 26. Nxc4 Nxh3+ 27. Kh2 Nxf2 28. Rxe5 Ng4+ 0-1

[Event "Early-Titled-Tuesday-Blitz-April-16-2024"]
[Site "Chess.com"]
[Date "2024.04.16"]
[Round "3"]
[White "ExchangeAB"]
[Black "cristiano78"]
[Result "1-0"]
[WhiteElo "2439"]
[BlackElo "2248"]
[TimeControl "180+1"]
[EndTime "8:26:53 PDT"]
[Termination "ExchangeAB won by resignation"]

1. d4 Nf6 2. Nf3 g6 3. c4 Bg7 4. g3 d6 5. Bg2 O-O 6. O-O Nc6 7. Nc3 Bf5 8. a3 Ne4 9. Bd2 Nxd2 10. Qxd2 Qd7 11. Rfe1 Bh3 12. Bh1 h6 13. b4 e5 14. dxe5 dxe5 15. Qxd7 Bxd7 16. Rad1 Rad8 17. Nd5 Be6 18. e3 e4 19. Nd2 Bxd5 20. cxd5 Rxd5 21. Bxe4 Rd6 22. Nc4 Rxd1 23. Rxd1 Rd8 24. Rb1 a6 25.
Bxc6 bxc6 26. Na5 Rd6 27. Rb3 Kf8 28. Nb7 Rd5 29. Kg2 f5 30. h3 Ke7 31. Kf3 Bf6 32.
g4 fxg4+ 33. hxg4 h5 34. gxh5 gxh5 35. Nc5 a5 36. Ne4 axb4 37. Rxb4 h4 38. Nxf6 Kxf6 39.
Rxh4 Ra5 40. Rh6+ Ke7 41. Rxc6 Rxa3 42. Rxc7+ Kf6 43. Rc4 1-0

[Event "Early-Titled-Tuesday-Blitz-April-16-2024"]
[Site "Chess.com"]
[Date "2024.04.16"]
[Round "3"]
[White "Caroexpert"]
[Black "kecalk"]
[Result "0-1"]
[WhiteElo "2681"]
[BlackElo "2525"]
[TimeControl "180+1"]
[EndTime "8:26:54 PDT"]
[Termination "kecalk won by resignation"]

1. Nf3 d5 2. d4 Nf6 3. c4 e6 4.
Bf4 dxc4 5. Qa4+ Nbd7 6. Qxc4 Bd6 7. Bg5 h6 8. Bh4 a6 9. Nc3 b5 10. Qb3 Bb7 11. e3 c5 12. Rd1 cxd4 13. Nxd4 Nc5 14.
Qc2 b4 15. Na4 Be4 16. Qxc5 Bxc5 17. Nxc5 Bd5 18. e4 Qa5 19. exd5 b3+ 20. Ke2 Qxc5 21. Nxb3 Qc4+ 22. Kf3 Qe4+ 0-1

[Event "Early-Titled-Tuesday-Blitz-April-16-2024"]
[Site "Chess.com"]
[Date "2024.04.16"]
[Round "3"]
[White "Road2GM3000"]
[Black "viktorskliarov"]
[Result "0-1"]
[WhiteElo "2455"]
[BlackElo "2627"]
[TimeControl "180+1"]
[EndTime "8:26:56 PDT"]
[Termination "viktorskliarov won by resignation"]

1. d4 Nf6 2. c4 e6 3. Nc3 Bb4 4. Nf3 b6 5. Bg5 h6 6. Bh4 g5 7. Bg3 Ne4 8. Qc2 Bb7 9. e3 f5 10. Bd3 Bxc3+ 11. bxc3 d6 12. d5 Na6 13. Nd4 Nac5 14.
f3 Nxd3+ 15. Qxd3 Nc5 16. Qc2 Qf6 17. dxe6 Rf8 18. Nb5 O-O-O 19. Nxa7+ Kb8 20. Nb5 f4 21. Bf2 fxe3 22. Bg3 Qxe6 23. O-O Qxc4 24. a4 g4 25. Rfb1 gxf3 26. gxf3 Rxf3 27. a5 Rf2 28. Bxf2 exf2+ 29. Qxf2 Rg8+ 30. Qg3 Rxg3+ 31. hxg3 Qe2 0-1

[Event "Early-Titled-Tuesday-Blitz-April-16-2024"]
[Site "Chess.com"]
[Date "2024.04.16"]
[Round "3"]
[White "SoCalJuniorChess"]
[Black "FeketeBarika"]
[Result "1-0"]
[WhiteElo "2202"]
[BlackElo "2363"]
[TimeControl "180+1"]
[EndTime "8:26:56 PDT"]
[Termination "SoCalJuniorChess won by resignation"]

1. d4 e6 2. Nc3 Nf6 3. Bf4 d5 4. Nb5 Bd6 5. Nxd6+ cxd6 6. e3 O-O 7. g4 Nc6 8. g5 Ne4 9. h4 e5 10. f3 exf4 11.
fxe4 fxe3 12. exd5 Ne7 13. Qf3 Qb6 14. O-O-O Nf5 15.
c3 Qa5 16. Bd3 g6 17. Kb1 Qa4 18. h5 Ng7 19. hxg6 fxg6 20. Bc2 Rxf3 21. Bxa4 Rf2 22.
Nh3 Bf5+ 23. Kc1 Rg2 24. Rde1 e2 25. Nf4 Rxg5 26. Rxe2 Rf8 27. Ne6 Rf6 28. Nxg5 1-0

[Event "Early-Titled-Tuesday-Blitz-April-16-2024"]
[Site "Chess.com"]
[Date "2024.04.16"]
[Round "3"]
[White "chito89"]
[Black "GHANDEEVAM2003"]
[Result "0-1"]
[WhiteElo "2717"]
[BlackElo "3025"]
[TimeControl "180+1"]
[EndTime "8:26:57 PDT"]
[Termination "GHANDEEVAM2003 won by resignation"]

1. c4 d6 2. Nc3 g6 3. g3 Bg7 4. Bg2 Nf6 5. e4 Nc6 6. Nge2 h5 7. h3 e5 8. d3 Nd4 9. Nxd4 exd4 10. Ne2 c5 11. Bg5 Qb6 12. Rb1 h4 13. gxh4 Nh5 14. b4 Qc7 15. Nf4 Nxf4 16. Bxf4 Rxh4 17. Bg3 Rh5 18. Bf3 Rxh3 19. Rxh3 Bxh3 20. bxc5 Be5 21. cxd6 Qxd6 22. Bxe5 Qxe5 23. Rxb7 Kf8 24. Ke2 Kg7 25. Rb5 Qf4 26. Qd2 Bf1+ 27. Ke1 Qxf3 28. Kxf1 Rh8 29. Rg5 Rh1+ 0-1

[Event "Early-Titled-Tuesday-Blitz-April-16-2024"]
[Site "Chess.com"]
[Date "2024.04.16"]
[Round "3"]
[White "lioni26"]
[Black "SmirnovTimofey2000"]
[Result "1-0"]
[WhiteElo "2544"]
[BlackElo "1965"]
[TimeControl "180+1"]
[EndTime "8:26:57 PDT"]
[Termination "lioni26 won by resignation"]

1. e4 e5 2. Nf3 Nf6 3. d4 Nxe4 4. Bd3 Nc6 5. dxe5 Nc5 6. O-O Nxd3 7. Qxd3 Be7 8. Bf4 O-O 9. Nc3 b6 10. Rad1 Bb7 11.
Qxd7 Bb4 12. e6 Qxd7 13. exd7 Bxc3 14. bxc3 Nd8 15. Bxc7 Bxf3 16. gxf3 Ne6 17. Bg3 Rfd8 18. Rd6 Kf8 19. f4 g6 20. Bh4 Rdb8 21. Rfd1 Nd8 22.
Bf6 b5 23. Re1 Nb7 24. Rd5 a6 25. Re4 Nd8 26. c4 Ne6 27. cxb5 axb5 28. Rxe6 fxe6 29. d8=Q+ Rxd8 30. Rxd8+ 1-0

[Event "Early-Titled-Tuesday-Blitz-April-16-2024"]
[Site "Chess.com"]
[Date "2024.04.16"]
[Round "3"]
[White "Louis-Paulsen-Fan"]
[Black "Firouzja2003"]
[Result "0-1"]
[WhiteElo "2366"]
[BlackElo "3045"]
[TimeControl "180+1"]
[EndTime "8:26:58 PDT"]
[Termination "Firouzja2003 won by resignation"]

1. d4 Nf6 2. Nf3 g6 3. c4 Bg7 4. Nc3 O-O 5. e4 d6 6. Be2 e5 7.
O-O Nc6 8. d5 Ne7 9. Ne1 Nd7 10.
f3 f5 11. g4 Kh8 12. Nd3 Ng8 13. Kg2 Bh6 14. h3 Bxc1 15. Rxc1 a5 16. a3 b6 17. b4 axb4 18. axb4 Ba6 19. Nb2 Ne7 20. Nba4 fxg4 21. fxg4 g5 22. c5 Bxe2 23. Nxe2 Rxf1 24. Kxf1 Ng6 25. cxd6 Qf6+ 26. Kg2 Nh4+ 27. Kg1 Qf3 28. Qf1 Qe3+ 29. Qf2 Qxh3 30. Qg3 Qxg3+ 31. Nxg3 cxd6 32. Nb2 Nf6 33. Nc4 Ra2 34. Nf5 Nf3+ 35. Kf1 Nxg4 0-1

[Event "Early-Titled-Tuesday-Blitz-April-16-2024"]
[Site "Chess.com"]
[Date "2024.04.16"]
[Round "3"]
[White "SharapovEvgeny"]
[Black "Slovineanu"]
[Result "1-0"]
[WhiteElo "2657"]
[BlackElo "2495"]
[TimeControl "180+1"]
[EndTime "8:26:59 PDT"]
[Termination "SharapovEvgeny won by resignation"]

1. e4 c6 2. d4 d5 3. e5 Bf5 4.
Be3 e6 5. c4 Bb4+ 6. Nc3 Ne7 7.
a3 Bxc3+ 8. bxc3 Nd7 9. Nf3 Qc7 10.
Nh4 O-O 11. Be2 dxc4 12. Bxc4 Be4 13. O-O c5 14. Rc1 Nb6 15. Ba2 c4 16. Qg4 Bd3 17. Rfe1 Nbd5 18. Bg5 Ng6 19. Nf3 Qa5 20. h4 Qxa3 21.
Ra1 Qxc3 22. h5 b5 23. hxg6 Bxg6 24. Rec1 Qd3 25. Bb1 Qe2 26. Ra2 Qxa2 27. Bxa2 c3 28. Bxd5 1-0

[Event "Early-Titled-Tuesday-Blitz-April-16-2024"]
[Site "Chess.com"]
[Date "2024.04.16"]
[Round "3"]
[White "VD_coach"]
[Black "lrjchess"]
[Result "1/2-1/2"]
[WhiteElo "2642"]
[BlackElo "2485"]
[TimeControl "180+1"]
[EndTime "8:27:03 PDT"]
[Termination "Game drawn by repetition"]

1. Nf3 g6 2. d4 Nf6 3. c4 Bg7 4. g3 O-O 5. Bg2 d6 6. O-O Nc6 7. Nc3 e5 8. d5 Nb8 9. e4 a5 10. c5 dxc5 11. Nxe5 Nxe4 12. Nxe4 Bxe5 13. Bg5 f6 14. Bh6 Re8 15. Nxc5 Bxb2 16. Rb1 Ba3 17. Nxb7 Qe7 18. d6 cxd6 19. Nxd6 Bxd6 20. Bxa8 Nd7 21.
Bd5+ Kh8 22. Re1 Ne5 23. f4 Bc5+ 24. Kh1 Ng4 25. Rxe7 Nf2+ 26. Kg2 Bh3+ 27. Kf3 Bg4+ 28. Kg2 Bh3+ 29. Kf3 Bg4+ 30. Kg2 Bh3+ 1/2-1/2

[Event "Early-Titled-Tuesday-Blitz-April-16-2024"]
[Site "Chess.com"]
[Date "2024.04.16"]
[Round "3"]
[White "frederiksvane"]
[Black "Harry_Rakkel"]
[Result "1-0"]
[WhiteElo "3044"]
[BlackElo "2738"]
[TimeControl "180+1"]
[EndTime "8:27:05 PDT"]
[Termination "frederiksvane won by resignation"]

1. Nf3 Nf6 2. e3 d5 3. b3 e6 4. Bb2 Be7 5. g3 O-O 6. Bg2 c5 7. O-O Nc6 8. c4 d4 9. exd4 cxd4 10. Re1 Ne8 11. d3 f6 12. a3 a5 13. Nbd2 Nc7 14. Nh4 e5 15. f4 Qe8 16. Qe2 Bd7 17. Nhf3 exf4 18. gxf4 Ne6 19. f5 Nf4 20. Qe4 Nxg2 21. Kxg2 Qh5 22. Qd5+ Kh8 23. Qxd7 Ne5 24. Nxe5 Qg5+ 25.
Kh1 Qxd2 26. Qxe7 fxe5 27. Rg1 Rg8 28. f6 1-0